 Dungeon Crawl Stone Soup version 0.30-a0-920-g7493c07aab (webtiles) character file.

Game seed: 3006666839806373538

102400 jimonade the Stickfighter (level 16, -10/133 HPs)
             Began as a Formicid Fighter on Mar 21, 2023.
             Was an Elder of the Shining One.
             Mangled by a caustic shrike (12 damage)
             ... on level 2 of the Depths on Mar 22, 2023.
             The game lasted 01:51:30 (31319 turns).

jimonade the Stickfighter (Formicid Fighter)       Turns: 31319, Time: 01:51:31

Health: -10/133    AC: 20    Str: 25    XL:     16   Next: 85%
Magic:  22/25      EV: 10    Int: 16    God:    the Shining One [****..]
Gold:   1652       SH: 28    Dex: 13    Spells: 15/15 levels left

rFire   + . .      SeeInvis +    a - +7 lajatang "Ijukked" {speed, Int+4}
rCold   + . .      Faith    .    V - +0 kite shield
rNeg    + + .      Spirit   .    C - +2 chain mail {rF+}
rPois   .          Reflect  +    (helmet unavailable)
rElec   .          Rampage  .    F - +2 cloak
rCorr   +                        h - +0 pair of gloves
Will    +....                    (no boots) Stlth
                                 f - amulet of reflection
HPRegen 0.42/turn                o - ring of resist corrosion
MPRegen 0.19/turn                x - ring of protection from cold

@: divinely shielded, glowing
A: permanent stasis, dig shafts and tunnels, antennae 3, four strong arms
a: Dig, Shaft Self, Renounce Religion, Divine Shield, Cleansing Flame


You were on level 2 of the Depths.
You worshipped the Shining One.
The Shining One was greatly pleased with you.
You visited 6 branches of the dungeon, and saw 25 of its levels.
You also visited: Volcano.

You collected 1652 gold pieces.

Inventory:

Hand Weapons
 a - the +7 lajatang "Ijukked" (weapon) {speed, Int+4}
   (You acquired it on level 14 of the Dungeon)

   Int:       It affects your intelligence (+4).
 b - the +7 sling of Immorality {antimagic, Int+2}
   (You found it on level 3 of the Dungeon)

   Int:       It affects your intelligence (+2).
 r - a +3 quarterstaff of flaming
Missiles
 u - 63 poisoned darts (quivered)
 z - a throwing net
 B - 3 javelins
 Z - 4 curare-tipped darts
Armour
 h - a +0 pair of gloves (worn)
 i - a scarf of resistance
 C - a +2 chain mail of fire resistance (worn)
 F - a +2 cloak (worn)
 V - a +0 kite shield (worn)
Jewellery
 f - an amulet of reflection (around neck)
 o - a ring of resist corrosion (left hand)
 x - a ring of protection from cold (right hand)
 D - an amulet of regeneration
 E - the ring of Honesty {rF+ MP+9}
   (You took it off a centaur on level 13 of the Dungeon)

   [ring of magical power]

   rF:        It protects you from fire.
   MP:        It affects your magic capacity (+9).
 G - a ring of poison resistance
 P - a +6 ring of strength
 R - a ring of protection from fire
Wands
 m - a wand of digging (6)
 v - a wand of polymorph (4)
 J - a wand of iceblast (22)
 K - a wand of flame (57)
 M - a wand of acid (5)
 U - a wand of charming (6)
 Y - a wand of mindburst (2)
Scrolls
 e - 6 scrolls of identify
 j - 3 scrolls of magic mapping
 n - 5 scrolls of immolation
 q - 2 scrolls of amnesia
 s - a scroll of enchant armour
 t - 5 scrolls of fog
 H - 7 scrolls of poison
 L - 5 scrolls of fear
 T - 2 scrolls of enchant weapon
 X - 2 scrolls of butterflies
Potions
 c - a potion of heal wounds
 d - 2 potions of invisibility
 l - 7 potions of flight
 p - 13 potions of curing
 w - 6 potions of lignification
 y - 2 potions of ambrosia {unknown}
 A - 6 potions of mutation
 I - 2 potions of cancellation
 N - 4 potions of brilliance
 O - a potion of resistance
 Q - 6 potions of attraction
 S - 5 potions of magic
Miscellaneous
 g - a box of beasts
 k - a phial of floods
 W - a phantom mirror


   Skills:
 + Level 14.0 Fighting
 + Level 15.9 Staves
 + Level 3.3 Ranged Weapons
 - Level 0.2 Throwing
 + Level 13.3 Armour
 + Level 5.1 Dodging
 - Level 1.5 Stealth
 + Level 14.1 Shields
 - Level 12.0 Invocations
 * Level 8.2 Evocations


You had 15 spell levels left.
You didn't know any spells.
Your spell library contained the following spells:

 Spells                   Type           Power      Damage    Failure   Level
 Magic Dart               Conj           0%         1d3       86%         1
 Call Imp                 Summ           0%         N/A       95%         2
 Passwall                 Tmut/Erth      0%         N/A       95%         2
 Sublimation of Blood     Necr           0%         N/A       95%         2
 Wereblood                Tmut           0%         N/A       95%         2
 Mephitic Cloud           Conj/Pois/Air  0%         N/A       99%         3
 Ozocubu's Armour         Ice            0%         N/A       99%         3
 Airstrike                Air            0%         2d(0-16)  100%        4
 Petrify                  Tmut/Erth      0%         N/A       100%        4
 Summon Lightning Spire   Summ/Air       0%         N/A       100%        4
 Blade Hands              Tmut           0%         N/A       100%        5
 Borgnjor's Vile Clutch   Necr/Erth      0%         N/A       100%        5
 Irradiate                Conj/Tmut      0%         3d11      100%        5
 Metabolic Englaciation   Hex/Ice        0%         N/A       100%        5
 Plasma Beam              Fire/Air       0%         2x1d11    100%        5
 Iron Shot                Conj/Erth      0%         9d1       100%        6
 Statue Form              Tmut/Erth      0%         N/A       100%        6
 Dragon Form              Tmut           0%         N/A       100%        7
 Ozocubu's Refrigeration  Ice            0%         4d7       100%        7
 Summon Hydra             Summ           0%         N/A       100%        7


Dungeon Overview and Level Annotations

Branches:
Dungeon (15/15)            Temple (1/1) D:6            Lair (5/5) D:10
 Shoals (0/4) Lair:2        Snake (1/4) Lair:3        Slime (0/5) Lair:5
    Orc (1/2) D:9          Vaults (0/5) D:13         Depths (2/4) D:15
Volcano (visited)

Altars:
Ashenzari
Cheibriados
Dithmenos
Elyvilon
Fedhas
Gozag
Hepliaklqana
Kikubaaqudgha
Makhleb
Nemelex Xobeh
Okawaru
Qazlal
Ru
Sif Muna
Trog
Uskayaw
Vehumet
Wu Jian
Xom
Yredelemnul
Zin
The Shining One
Jiyva

Shops:
D:3 [   D:6 *

Portals:
Hell: Depths:1
Trove: D:14 (show abyssal rune of Zot)

Annotations:
D:11 1 runed translucent door
Lair:5 1 runed translucent door, cforsyth's ghost, journeyman HuFi
Orc:1 Urug


Innate Abilities, Weirdness & Mutations

You cannot be hasted, slowed, berserked, paralysed or teleported.
You can dig through walls and to a lower floor.
You have a pair of large antennae on your head. (SInv)
Your four strong arms can wield two-handed weapons with a shield.


Message History

The caustic shrike is moderately wounded.
The caustic shrike claws you but does no damage.
You slash the caustic shrike!
The caustic shrike is moderately wounded.
The caustic shrike claws you!!
You are splashed with acid.
You resist. You block the caustic shrike's attack.
You slice the caustic shrike!!
The caustic shrike is heavily wounded.
The caustic shrike closely misses you.
You slash the caustic shrike!
The caustic shrike is heavily wounded.
You block the caustic shrike's attack.
You slash the caustic shrike!
The caustic shrike is severely wounded.
The caustic shrike barely misses you.
You closely miss the caustic shrike.
The caustic shrike is severely wounded.
The caustic shrike claws you!
You are splashed with acid.
You resist.
You closely miss the caustic shrike.
The caustic shrike is heavily wounded.
The caustic shrike claws you!
You are splashed with acid.
You resist.
You slice the caustic shrike!!
The caustic shrike is severely wounded.
The caustic shrike claws you!!
* * * LOW HITPOINT WARNING * * *
You are splashed with acid.
You resist.
* * * LOW HITPOINT WARNING * * *
You barely miss the caustic shrike.
The caustic shrike is severely wounded.
The caustic shrike claws you!
* * * LOW HITPOINT WARNING * * *
You are splashed with acid.
You resist. The Shining One protects you from harm!
Your shield is strengthened by the Shining One's divine power.
You block the caustic shrike's attack.
The caustic shrike claws you but does no damage.
You hit the caustic shrike.
The caustic shrike is severely wounded.
You block the caustic shrike's attack. The caustic shrike claws you!
You die...

### ##.# { {
##..### {
##...b.# { {
##...##@# {
##...###.####
##...##
#....## ..
#...##
####..# #....
#...## ##.#
..... #...#
#.# #...#
#...# #.##
##....# #...#
#..# ##.....#
...#
##.###....#


You could see a caustic shrike.

Vanquished Creatures
  A caustic shrike (Depths:2)
  Rupert (Lair:5)
  A tengu reaver (Depths:2)
  A sphinx (Depths:1)
  Roxanne (D:14)
  10 very ugly things
  3 stone giants
  A dire elephant (D:15)
  2 ettins (Depths:1)
  3 jiangshi
  2 fire dragons
  A vault guard (D:13)
  Erolcha (D:11)
  4 ice dragons
  A merfolk avatar (Lair:5)
  A spriggan air mage (Depths:2)
  3 hydras
  2 catoblepae
  5 boulder beetles
  11 two-headed ogres
  2 ogre magi (D:15)
  A centaur warrior (D:12)
  5 death yaks
  2 vampire magi
  3 tengu warriors
  7 hell knights
  4 skysharks
  A sea snake (Lair:5)
  A glowing orange brain (Depths:2)
  5 wizards
  2 necromancers
  A harpy (Lair:5)
  3 deep elf pyromancers
  A salamander (Depths:1)
  A wolf spider (D:15)
  5 ugly things
  5 manticores
  A black mamba (Lair:5)
  15 elephants
  4 cyclopes
  A molten gargoyle (Volcano)
  A torpor snail (Lair:2)
  4 gargoyles
  Maggie (Lair:2)
  5 cane toads
  3 kobold demonologists (D:13)
  10 komodo dragons
  5 rime drakes
  2 tengu conjurers
  2 efreet
  3 trolls
  5 polar bears
  3 meliai (D:15)
  10 blink frogs
  7 slime creatures
  3 snapping turtles (Lair:5)
  A vampire (D:10)
  2 shadows
  3 wraiths
  3 basilisks
  6 wyverns
  6 fire bats (Volcano)
  25 yaks
  A fire elemental (Volcano)
  19 humans (D:13)
  3 steam dragons
  5 vampire mosquitoes
  A naga (Lair:3)
  An acid dragon (D:9)
  16 water moccasins
  5 orc warriors
  2 sky beasts
  A black bear (Lair:4)
  4 wolves (Lair:1)
  3 ogres (D:15)
  12 centaurs
  2 phantoms
  Blork the orc (D:6)
  15 bullfrogs
  A gnoll sergeant (D:4)
  6 kobold brigands
  2 earth elementals (Volcano)
  4 scorpions
  3 wights (D:7)
  3 killer bees (D:8)
  2 howler monkeys
  A crimson imp (D:8)
  7 lava snakes (Volcano)
  5 orc priests
  7 hounds
  4 jellies
  A sleepcap (D:6)
  Jessica (D:2)
  4 iguanas
  9 orc wizards
  8 gnolls
  7 adders
  An ufetubus (D:4)
  2 worms (D:2)
  A dart slug (D:4)
  34 orcs
  14 ball pythons
  9 endoplasms
  9 giant cockroaches
  6 goblins
  6 hobgoblins
  12 jackals
  2 quokkas
  5 bats
  7 frilled lizards
  26 kobolds
  9 rats
544 creatures vanquished.

Vanquished Creatures (others)
  2 orcs (D:8)
  76 fungi
  74 plants
152 creatures vanquished.

Grand Total: 696 creatures vanquished

Notes
Turn   | Place    | Note
-------+----------+-------------------------------------------
     0 | D:1      | jimonade the Formicid Fighter began the quest for the Orb.
     0 | D:1      | Reached XP level 1. HP: 18/18 MP: 1/1
     1 | D:1      | Found a runed translucent door.
    76 | D:1      | Reached XP level 2. HP: 24/24 MP: 2/2
   306 | D:1      | Reached XP level 3. HP: 29/29 MP: 3/3
   842 | D:2      | Reached XP level 4. HP: 37/37 MP: 4/4
   970 | D:2      | Reached skill level 3 in Staves
  1140 | D:2      | Identified the ring "Giureodu" {Dex+7 SInv}
  1309 | D:2      | Noticed a shining eye
  1310 | D:2      | Noticed Jessica
  1315 | D:2      | Killed Jessica
  1316 | D:2      | Reached XP level 5. HP: 42/42 MP: 5/5
  1330 | D:2      | Found a faded altar of an unknown god.
  1333 | D:2      | Noticed a floating eye
  1336 | D:2      | Noticed a shining eye
  1336 | D:2      | Noticed a shining eye
  1567 | D:3      | Found Byecvam's Armour Shop.
  1599 | D:3      | Identified the +7 sling of Immorality {antimagic, Int+2}
  1960 | D:3      | Found a stormy altar of Qazlal.
  2254 | D:4      | Reached skill level 4 in Staves
  2254 | D:4      | Reached skill level 5 in Shields
  2254 | D:4      | Reached XP level 6. HP: 48/48 MP: 6/6
  2272 | D:4      | Identified the orb "Omeamoc" {guile, *Corrode +Blink rF+
                  | Dex+8}
  2754 | D:4      | Reached XP level 7. HP: 18/55 MP: 7/7
  2973 | D:5      | Entered Level 5 of the Dungeon
  3024 | D:5      | Reached skill level 5 in Staves
  3662 | D:5      | Reached skill level 6 in Staves
  3674 | D:5      | Reached XP level 8. HP: 61/61 MP: 8/8
  3684 | D:5      | Reached skill level 5 in Armour
  3817 | D:5      | Found a broken altar of Ashenzari.
  4265 | D:6      | Reached skill level 5 in Fighting
  4446 | D:6      | Found a staircase to the Ecumenical Temple.
  4454 | Temple   | Entered the Ecumenical Temple
  4614 | Temple   | Became a worshipper of the Shining One
  4665 | D:6      | Reached skill level 7 in Staves
  4808 | D:6      | Reached skill level 1 in Dodging
  4818 | D:6      | Noticed a shadow
  4819 | D:6      | Found a hazy altar of Hepliaklqana.
  4845 | D:6      | Killed a shadow
  4898 | D:6      | Reached XP level 9. HP: 68/68 MP: 9/9
  5067 | D:6      | Noticed Blork the orc
  5078 | D:6      | Killed Blork the orc
  5079 | D:6      | Reached skill level 8 in Staves
  5342 | D:6      | Found Ecveng's Serpentskin Sales.
  5621 | D:7      | Found an ornate altar of the Wu Jian Council.
  5919 | D:7      | Reached skill level 1 in Invocations
  5978 | D:7      | Found a bloodstained altar of Trog.
  5979 | D:7      | Found an iron altar of Okawaru.
  6052 | D:7      | Found a shimmering blue altar of Sif Muna.
  6307 | D:8      | Reached skill level 1 in Stealth
  6623 | D:8      | Reached skill level 9 in Staves
  6929 | D:8      | Reached XP level 10. HP: 32/77 MP: 4/11
  7480 | D:8      | Found a burning altar of Makhleb.
  7480 | D:8      | Reached * piety under the Shining One
  7956 | D:9      | Found a white marble altar of Elyvilon.
  8241 | D:9      | Found a snail-covered altar of Cheibriados.
  8470 | D:9      | Found a staircase to the Orcish Mines.
  8619 | Orc:1    | Entered Level 1 of the Orcish Mines
  8624 | Orc:1    | Noticed Urug
  8807 | D:9      | Reached skill level 10 in Staves
  9009 | D:10     | Entered Level 10 of the Dungeon
  9090 | D:10     | Noticed a two-headed ogre
  9107 | D:10     | Killed a two-headed ogre
  9108 | D:10     | Reached skill level 5 in Invocations
  9489 | D:10     | Noticed a komodo dragon
  9521 | D:10     | Killed a komodo dragon
  9522 | D:10     | Reached XP level 11. HP: 86/86 MP: 13/15
 10059 | D:10     | Reached skill level 11 in Staves
 10097 | D:10     | Found a staircase to the Lair.
 10915 | Lair:1   | Entered Level 1 of the Lair of Beasts
 11069 | Lair:1   | Reached ** piety under the Shining One
 11625 | Lair:1   | Found a dark tunnel.
 11633 | Volcano  | Entered a volcano
 12009 | Volcano  | Noticed a stone giant
 12047 | Volcano  | Killed a stone giant
 12048 | Volcano  | Reached skill level 12 in Staves
 12048 | Volcano  | Reached XP level 12. HP: 21/94 MP: 4/17
 12074 | Volcano  | Found a bloodstained altar of Trog.
 12342 | Lair:1   | You fall into a shaft and drop 1 floor!
 12806 | Lair:2   | Noticed Maggie
 12823 | Lair:2   | Killed Maggie
 13523 | Lair:2   | Found a staircase to the Shoals.
 14011 | Lair:3   | Noticed a boulder beetle
 14299 | Lair:3   | Identified the +2 robe of the Poles {rPois Will+ Stlth-}
 14513 | Lair:3   | Killed a boulder beetle
 14546 | Lair:3   | Noticed a catoblepas
 14569 | Lair:3   | Found a staircase to the Snake Pit.
 14933 | Lair:3   | Killed a catoblepas
 15371 | Snake:1  | Entered Level 1 of the Snake Pit
 15503 | Lair:3   | Reached skill level 13 in Staves
 15585 | Lair:4   | Reached XP level 13. HP: 95/103 MP: 15/19
 15676 | Lair:4   | Reached skill level 10 in Fighting
 16370 | Lair:4   | Reached skill level 10 in Armour
 16634 | Lair:4   | Reached skill level 10 in Shields
 16908 | Lair:5   | Entered Level 5 of the Lair of Beasts
 16909 | Lair:5   | Noticed a four-headed hydra
 16934 | Lair:4   | Reached skill level 10 in Invocations
 17701 | Lair:4   | Reached skill level 14 in Staves
 18471 | Lair:5   | Reached XP level 14. HP: 107/111 MP: 19/21
 18559 | Lair:5   | Found a staircase to the Slime Pits.
 18559 | Lair:5   | Found a viscous altar of Jiyva.
 19472 | Lair:5   | Noticed Rupert
 19497 | Lair:5   | Killed Rupert
 20206 | Lair:5   | Found a runed translucent door.
 20207 | Lair:5   | Noticed cforsyth's ghost (journeyman HuFi)
 20530 | D:11     | Noticed Erolcha
 20870 | D:11     | Found a runed translucent door.
 20880 | D:11     | Identified the amulet of Muappiw {-Tele Regen+ rCorr Str+8
                  | Int+3}
 21231 | D:11     | Killed Erolcha
 21908 | D:12     | Reached skill level 1 in Evocations
 23044 | D:13     | You fall into a shaft and drop 2 floors!
 23044 | D:15     | Entered Level 15 of the Dungeon
 23417 | D:15     | Reached XP level 15. HP: 82/120 MP: 23/23
 25547 | D:14     | Identified Roxanne's Handbook of Spelunking
 25547 | D:14     | Noticed Roxanne
 25856 | D:14     | Identified a scroll of acquirement
 25869 | D:14     | Acquired the +7 lajatang "Ijukked" {speed, Int+4}
 25991 | D:14     | Found a portal to a secret trove of treasure.
 26403 | D:13     | Reached *** piety under the Shining One
 26430 | D:13     | Identified the ring of Honesty {rF+ MP+9}
 26464 | D:13     | Reached skill level 5 in Evocations
 26864 | D:13     | Reached skill level 15 in Staves
 27194 | D:13     | Found a gate to the Vaults.
 28035 | D:14     | Killed Roxanne
 28036 | D:14     | Reached skill level 1 in Ranged Weapons
 28412 | D:15     | Found a staircase to the Depths.
 28599 | Depths:1 | Entered Level 1 of the Depths
 28599 | Depths:1 | Found a shadowy altar of Dithmenos.
 28886 | Depths:1 | Noticed a stone giant
 28893 | Depths:1 | Noticed a stone giant
 28902 | Depths:1 | Killed a stone giant
 28917 | Depths:1 | Killed a stone giant
 28918 | Depths:1 | Reached XP level 16. HP: 18/129 MP: 25/25
 29460 | Depths:1 | Found a gateway to Hell.
 29531 | Depths:1 | Noticed a sphinx
 29545 | Depths:1 | Killed a sphinx
 30172 | Depths:2 | Reached **** piety under the Shining One
 30206 | Depths:2 | Reached skill level 5 in Dodging
 30908 | Depths:2 | Noticed a tengu reaver
 30934 | Depths:2 | Killed a tengu reaver
 31226 | Depths:2 | Noticed a caustic shrike
 31250 | Depths:2 | Killed a caustic shrike
 31298 | Depths:2 | Noticed a caustic shrike
 31317 | Depths:2 | HP: 2/133 [caustic shrike (11)]
 31317 | Depths:2 | The Shining One protects you from harm!
 31319 | Depths:2 | Mangled by a caustic shrike

Illustrated notes

Levels and vault maps discovered:
D:1:      dpeg_arrival_caged_fury, layout_loops_ring
D:2:      layout_loops_ring, hellmonk_ecumenical_altar_watching_god,
          minmay_misc_feat_rugged, minmay_nonomino_d4, uniq_jessica
D:3:      layout_rooms, nicolae_overflow_crystal_walls, serial_shops,
          nicolae_shop_statue_plus
D:4:      layout_loops_cross, minmay_misc_feat_alley, minivault_1,
          kennysheep_generic_room_11
D:5:      layout_loops_ring, ashenzari_altar_1
D:6:      layout_basic, lemuel_round_altar, minmay_temple_entry_arrows,
          guppyfry_shop_venom, uniq_blork_the_orc
D:7:      layout_rooms, grunt_temple_overflow_bloody_war,
          mainiacjoe_overflow_boulevard, nicolae_sif_muna_condensation,
          due_unseen_surprise
D:8:      layout_basic, makhleb_grotto_becter
D:9:      layout_cross, elyvilon_altar_5, old_standard_altar, orc_0_dummy
D:10:     layout_loops_cross, grunt_lair_entry_orc_guard_hut
D:11:     layout_roguey, minmay_st_funbox, uniq_erolcha
D:12:     minmay_stone_box, layout_basic, feat_on_display
D:13:     layout_basic, grunt_vaults_entry_tiered, kennysheep_generic_room_10
D:14:     layout_cave_pods, nicolae_trove_entry_columns,
          nicolae_triple_integral, uniq_roxanne
D:15:     hangedman_depths_entry_try_elsewhere_first, layout_grid_maze,
          serial_park_square2
Temple:   hellmonk_temple_flake
Lair:1:   layout_concentric_octagons, lightli_volcano_entry_magma_tube
Lair:2:   layout_cave_pods, elwin_shoals_entry_rooms, serial_bayou_shore_a,
          infiniplex_staircase_pool_2, lemuel_fruit_tree, grunt_megastairs_3,
          serial_bayou_shore_b, uniq_maggie
Lair:3:   layout_chaotic_city, dummy_snake_entry, fungi_pond_lemuel,
          nicolae_lair_liquid_snakes
Lair:4:   layout_loops_ring
Lair:5:   gammafunk_lair_ancient_temple, layout_regular_city, slime_entry_1,
          ebering_ghost_inner_flame, uniq_rupert
Snake:1:  layout_gridlike
Orc:1:    layout_caves, serial_shops, nicolae_shop_trees,
          nicolae_specific_store, uniq_urug
Depths:1: layout_cave_pools, ebering_dispersal_statue_hall, hell_entry,
          minmay_fountain_box, grunt_dithmenos_smoke_and_mirrors, firewood_loft,
          serial_bayou_shore_b
Depths:2: minmay_triangles_in_corner, layout_twisted_cross, enter_ziggurat_d,
          pf_hell_entry_tar_spiral, rand_demon_pan_entry_4,
          serial_bayou_shore_b, grunt_megastairs_1

Skill      XL: |  1  2  3  4  5  6  7  8  9 10 11 12 13 14 15 16 |
---------------+-------------------------------------------------+-----
Staves         | 3 4 6 7 9 10 12 13 14 15 | 15.9
Armour         | 4 5 6 7 8 9 10 12 13 | 13.3
Fighting       | 4 5 6 7 8 9 10 12 14 | 14.0
Shields        | 5 6 7 8 9 10 11 13 14 | 14.1
Dodging        | 1 2 3 4 5 |  5.1
Invocations    | 2 5 7 9 10 11 12 | 12.0
Stealth        | 1 |  1.5
Evocations     | 2 6 8 |  8.2
Ranged Weapons | 3 |  3.3
Throwing       | |  0.2

Action                     |  1- 3 |  4- 6 |  7- 9 | 10-12 | 13-15 | 16-18 || total
---------------------------+-------+-------+-------+-------+-------+-------++-------
  Melee: Quarterstaff      |    98 |   157 |   338 |   695 |   848 |       ||  2136
         Lajatang          |       |       |       |       |   234 |   270 ||   504
   Fire: Sling             |       |       |       |       |   249 |       ||   249
  Throw: Dart              |       |       |       |     7 |     2 |       ||     9
 Invoke: Divine Shield     |       |       |       |     9 |    17 |     5 ||    31
Ability: Dig               |       |       |     1 |     6 |     6 |     1 ||    14
    Use: Scroll            |       |       |    10 |    15 |     5 |       ||    30
         Potion            |       |       |       |     2 |     3 |       ||     5
   Stab: Distracted        |       |       |     1 |       |       |       ||     1
 Armour: Scale mail        |     7 |       |    78 |   132 |       |       ||   217
         Chain mail        |    47 |    71 |    41 |    68 |   302 |    46 ||   575
  Dodge: Dodged            |    38 |    54 |   108 |   216 |   229 |    46 ||   691
  Block: Buckler           |    36 |    44 |    86 |   164 |   432 |     3 ||   765
         Reflection        |       |       |       |       |    14 |       ||    14
         Kite shield       |       |       |       |       |       |   128 ||   128

Table legend: (Time is in decaauts)
 A = Elapsed time spent in this place.
 B = Non-inter-level travel time spent in this place.
 C = Inter-level travel time spent in this place.
 D = Time resting spent in this place.
 E = Time spent auto-exploring this place.
 F = Levels seen in this place.
 G = Mean time per level.
                   A        B        C        D        E       F      G
               +--------+--------+--------+--------+--------+-----+--------+
         Total |  30875 |  29638 |   1237 |   7348 |   9269 |  26 | 1187.5 |
       Dungeon |  19257 |  18407 |    850 |   4148 |   6609 |  15 | 1283.8 |
        Temple |    169 |    144 |     25 |      0 |    130 |   1 |  169.0 |
          Lair |   8756 |   8434 |    322 |   2283 |   2324 |   5 | 1751.2 |
     Snake Pit |      8 |      8 |      0 |      0 |      0 |   1 |    8.0 |
  Orcish Mines |      7 |      7 |      0 |      0 |      0 |   1 |    7.0 |
        Depths |   2067 |   2028 |     39 |    756 |    194 |   2 | 1033.5 |
       Volcano |    607 |    607 |      0 |    161 |     12 |   1 |  607.0 |
               +--------+--------+--------+--------+--------+-----+--------+

Top non-repeatable levels by time:
    D:15: 3111 daAuts
  Lair:5: 2927 daAuts
    D:10: 1920 daAuts
     D:8: 1781 daAuts
  Lair:3: 1733 daAuts
  Lair:4: 1686 daAuts
    D:14: 1613 daAuts
    D:12: 1564 daAuts
  Lair:2: 1392 daAuts
     D:6: 1281 daAuts
    D:13: 1275 daAuts
Depths:1: 1188 daAuts
     D:4: 1051 daAuts
  Lair:1: 1016 daAuts
     D:5: 980 daAuts
